Map: Persephone LE

Players

Serral

  • Race: Zerg Zerg
  • Spawn Location: 7:00

Reynor - Winner!

  • Race: Zerg Zerg
  • Spawn Location: 11:00

Event: Esports World Cup 2025

VOD

Have the link to the VOD?

Description

Time

  • Played on: July 24, 2025, 7:53 a.m.
  • Length: 10:20

All games in this series

Show
View Real Time Build Order
Export as new Build Order

Serral Zerg 

Build Orders: Hatch First 

Get SALT Encoding   

  12  0:00  Drone  
  13  0:07  Drone  
  14  0:14  Drone, Extractor  
  15  0:21  Overlord  
  15  0:40  Drone  
  16  0:45  Hatchery  
  16  0:48  Drone  
  16  0:52  Drone  
  16  0:55  Drone  
  18  1:07  Extractor  
  18  1:11  Spawning Pool  
  16  1:14  Drone  
  16  1:17  Drone  
  18  1:26  Drone  
  19  1:37  Drone  
  20  1:48  Drone  
  21  1:57  Queen x2  
  21  1:58  Zergling x2, Overlord  
  26  2:07  Drone  
  27  2:09  Drone, Metabolic Boost  
  28  2:20  Drone x2  
  30  2:29  Drone  
  31  2:32  Drone  
  32  2:38  Hatchery  
  32  2:41  Drone  
  32  2:43  Baneling Nest  
  31  2:47  Overlord  
  31  2:50  Zergling x2  
  32  2:52  Drone  
  33  3:01  Drone  
  34  3:06  Drone x3  
  34  3:08  Zergling x6  
  34  3:11  Overlord  
  40  3:18  Zergling x2  
  41  3:21  Queen  
  41  3:25  Drone  
  44  3:32  Drone x2  
  46  3:37  Drone x5  
  46  3:40  Drone  
  52  3:46  Roach Warren  
  52  3:48  Evolution Chamber  
  49  3:51  Overlord  
  49  3:52  Drone  
  50  3:58  Drone x3  
  50  4:00  Drone  
  50  4:02  Baneling  
  54  4:04  Zergling x2  
  54  4:06  Drone  
  54  4:07  Extractor x2  
  54  4:10  Drone x3  
  54  4:13  Overlord  
  55  4:18  Zergling x4  
  55  4:23  Zerg Ground Armor Level 1  
  57  4:24  Overlord  
  57  4:26  Drone x2  
  59  4:33  Drone  
  59  4:35  Drone x2  
  59  4:37  Overlord  
  61  4:41  Roach x2  
  61  4:43  Overlord, Evolution Chamber  
  64  4:48  Roach x2  
  67  4:53  Roach x2  
  67  4:55  Drone  
  67  4:56  Overlord  
  72  5:01  Roach x2  
  72  5:05  Roach  
  72  5:06  Extractor  
  76  5:08  Roach x3  
  82  5:15  Roach x3  
  82  5:18  Roach  
  82  5:20  Overlord  
  90  5:27  Roach x3  
  96  5:35  Zergling x12  
  101  5:37  Ravager  
  101  5:39  Zergling x4  
  101  5:40  Ravager x2  
  106  5:44  Zergling x2  
  106  5:45  Zergling x4  
  106  5:47  Overlord  
  109  5:50  Zergling x4  
  109  5:53  Overlord  
  111  5:57  Zergling x6  
  111  6:00  Overlord  
  114  6:06  Ravager x3  
  114  6:07  Ravager  
  114  6:08  Zergling x8  
  121  6:15  Zergling x10  
  121  6:18  Zergling x4  
  128  6:20  Ravager  
  128  6:27  Zergling x10  
  128  6:32  Zergling x4  
  129  6:35  Lair  
  129  6:39  Zergling x4, Zerg Missile Weapons Level 1  
  117  6:45  Zergling x8  
  114  6:50  Zergling x8  
  118  7:00  Ravager x4  
  122  7:02  Drone x4  
  122  7:05  Drone  
  122  7:06  Drone x3  
  122  7:07  Ravager  
  131  7:10  Drone  
  131  7:14  Drone  
  133  7:18  Baneling x5  
  131  7:25  Drone  
  131  7:27  Drone x2  
  120  7:31  Drone x2  
  120  7:32  Glial Reconstitution  
  120  7:34  Drone, Overseer  
  120  7:35  Drone  
  124  7:38  Drone, Extractor  
  124  7:39  Extractor  
  124  7:42  Overlord  
  124  7:44  Roach x5  
  130  7:48  Roach x2  
  134  7:54  Overlord  
  134  7:57  Overlord  
  134  7:59  Roach  
  134  8:02  Hydralisk Den  
  135  8:06  Roach x3  
  141  8:17  Drone x2  
  143  8:20  Spore Crawler  
  143  8:27  Spore Crawler  
  141  8:30  Spore Crawler  
  141  8:32  Hydralisk x3, Grooved Spines  
  146  8:37  Hatchery  
  146  8:39  Drone  
  146  8:40  Hydralisk x3  
  152  8:44  Overlord  
  152  8:51  Roach  
  152  8:52  Overlord  
  152  8:54  Overlord  
  151  8:57  Overlord x4  
  151  9:03  Overlord x2  
  151  9:05  Roach  
  153  9:12  Roach x3  
  153  9:16  Roach x2  
  163  9:22  Roach x3  
  166  9:29  Roach x3  
  169  9:33  Roach x2  
  173  9:42  Roach x5  
  179  9:47  Roach x2  
  179  9:52  Roach x3  
  152  9:56  Roach x2  
  152  9:58  Roach  
  129  10:00  Roach  
Show
View Real Time Build Order
Export as new Build Order

Reynor Zerg - Winner!

Build Orders: Hatch First 

Get SALT Encoding   

  12  0:00  Drone  
  13  0:07  Drone  
  14  0:14  Drone, Extractor  
  14  0:21  Overlord  
  15  0:40  Drone  
  16  0:44  Hatchery  
  16  0:49  Drone  
  16  0:52  Drone  
  16  0:55  Drone  
  18  1:06  Extractor  
  17  1:12  Spawning Pool  
  17  1:14  Drone  
  17  1:17  Drone  
  18  1:26  Drone  
  19  1:37  Drone  
  20  1:48  Drone  
  21  1:58  Drone, Queen x2  
  21  1:59  Overlord  
  26  2:08  Drone  
  27  2:09  Zergling x2  
  27  2:10  Metabolic Boost  
  28  2:18  Drone  
  28  2:20  Drone  
  30  2:29  Drone  
  31  2:30  Drone  
  31  2:36  Hatchery  
  31  2:39  Drone  
  31  2:41  Drone  
  33  2:51  Baneling Nest  
  32  2:52  Overlord  
  32  2:54  Zergling x2  
  33  3:01  Drone  
  33  3:02  Drone  
  33  3:05  Drone  
  36  3:10  Overlord  
  36  3:13  Drone x3  
  36  3:17  Zergling x4  
  41  3:21  Queen  
  41  3:26  Drone  
  44  3:28  Overlord  
  44  3:31  Zergling x2  
  45  3:37  Drone x3  
  45  3:41  Drone x3  
  51  3:48  Drone, Roach Warren  
  50  3:49  Evolution Chamber  
  50  3:50  Baneling  
  50  3:51  Drone  
  50  3:53  Drone  
  52  3:56  Overlord  
  52  3:59  Drone  
  52  4:00  Drone  
  54  4:06  Drone  
  54  4:08  Extractor  
  53  4:12  Overlord  
  53  4:18  Drone x3, Zerg Missile Weapons Level 1  
  53  4:19  Drone x2  
  53  4:21  Drone x2  
  53  4:22  Zergling x4  
  62  4:29  Drone  
  62  4:30  Drone  
  63  4:31  Lair  
  63  4:34  Zergling x2  
  63  4:40  Drone x2  
  63  4:44  Roach x3  
  71  4:45  Extractor  
  71  4:50  Overlord  
  70  4:54  Roach x3  
  70  4:55  Drone x2  
  78  5:02  Overlord  
  78  5:06  Roach x2  
  81  5:07  Drone  
  81  5:09  Overlord, Extractor  
  81  5:10  Drone x4  
  85  5:15  Overlord  
  85  5:17  Overlord  
  85  5:18  Drone  
  85  5:20  Drone x3  
  89  5:22  Extractor x2  
  89  5:27  Overlord  
  87  5:30  Drone x3  
  87  5:34  Drone  
  89  5:35  Spire  
  89  5:37  Drone x2  
  89  5:40  Roach  
  89  5:42  Roach  
  94  5:43  Roach x3  
  94  5:47  Roach  
  94  5:49  Spine Crawler, Roach x3  
  108  5:51  Spine Crawler  
  108  5:52  Overlord, Spine Crawler  
  108  5:54  Roach  
  108  5:58  Spine Crawler  
  108  6:00  Roach x3  
  108  6:01  Ravager  
  114  6:06  Roach x3  
  118  6:11  Spine Crawler  
  118  6:12  Overlord  
  118  6:13  Roach  
  118  6:14  Ravager  
  118  6:16  Roach  
  118  6:17  Roach  
  118  6:18  Overlord  
  124  6:26  Roach x4  
  124  6:30  Roach x2  
  124  6:32  Roach  
  126  6:35  Roach  
  126  6:36  Roach  
  116  6:41  Roach  
  116  6:45  Queen  
  118  6:48  Roach Warren, Roach x2  
  118  6:52  Spire  
  120  6:57  Overlord  
  120  6:58  Zergling x4  
  122  7:02  Zerg Missile Weapons Level 2  
  122  7:05  Zergling x2  
  122  7:06  Drone, Overseer  
  122  7:08  Zergling x2  
  125  7:13  Zergling x2  
  126  7:18  Baneling x2  
  126  7:19  Overlord  
  126  7:20  Zergling x2  
  127  7:25  Zergling x2  
  127  7:28  Roach x3  
  127  7:32  Roach x2  
  127  7:33  Glial Reconstitution  
  127  7:36  Roach x3  
  135  7:41  Drone  
  135  7:42  Drone  
  137  7:47  Drone  
  138  7:54  Drone  
  138  7:55  Drone  
  138  7:56  Hatchery  
  139  8:01  Overlord  
  139  8:04  Mutalisk x2  
  143  8:09  Mutalisk  
  144  8:13  Mutalisk, Hatchery  
  144  8:15  Overlord x2  
  144  8:17  Overlord x2  
  145  8:22  Overlord  
  145  8:30  Overlord  
  145  8:33  Roach x2  
  145  8:34  Roach x4  
  157  8:36  Roach  
  157  8:37  Ravager x2  
  157  8:38  Ravager  
  157  8:39  Roach x2  
  166  8:48  Roach x2  
  169  8:52  Roach x4  
  176  8:57  Roach  
  176  8:58  Overlord  
  176  9:00  Roach  
  176  9:01  Roach x2  
  184  9:05  Ravager x2  
  184  9:06  Overlord  
  184  9:07  Roach  
  184  9:08  Roach x2  
  192  9:10  Overlord  
  192  9:17  Ravager, Roach x2  
  196  9:19  Roach  
  193  9:49  Roach x9  
  187  9:53  Roach x6  
  187  9:57  Roach x3  
Tags
 
Add a new tag
Caveats
  • Supply blocks, unpowered buildings, or Contaminate may cause inaccurate times.
  • Supply counts are checked every 10 seconds.